 Dungeon Crawl Stone Soup version 0.14-a0-2986-gd1872aa (webtiles) character file.

2969 Navraz the Archer (level 9, -10/47 HPs)
             Began as a Gargoyle Hunter on Mar 6, 2014.
             Was a Follower of Makhleb.
             Mangled by an orc warrior
             ... wielding a +0,+0 halberd
              (13 damage)
             ... on Level 7 of the Dungeon.
             The game lasted 00:37:17 (5769 turns).

Navraz the Archer (Gargoyle Hunter)                 Turns: 5769, Time: 00:37:17

HP -10/47        AC 21     Str 16      XL: 9   Next: 69%
MP  19/19        EV  8     Int 15      God: Makhleb [*.....]
Gold 212         SH  0     Dex 13      Spells:  0 memorised,  8 levels left

rFire  + + .     SeeInvis .     v - +5,-1 hand axe (elec)
rCold  + . .     Clarity  +     K - +6 scale mail of Refuge {+Rage rElec rF++ rC+}
rNeg   + + .     Conserve .     (no shield)
rPois  +         rCorr    .     (no helmet)
rElec  +         rRot     +     (no cloak)
SustAb . .       Spirit   .     m - +0 pair of gloves
rMut   .         Warding  .     t - +1 pair of boots {Fly}
Saprov . . .     Stasis   .     j - amulet of the Four Winds {Clar rN+ MR++}
MR     +++..                    b - +3 ring of intelligence
                                k - ring of magical power

@: extremely resistant to hostile enchantments, extremely unstealthy
A: life protection 1, electricity resistance, unbreathing, petrification
resistance, AC +5
a: Renounce Religion, Evoke Berserk Rage, Evoke Flight


You were on level 7 of the Dungeon.
You worshipped Makhleb.
Makhleb was aware of your devotion.
You were hungry.

You visited 2 branches of the dungeon, and saw 8 of its levels.

You collected 272 gold pieces.
You spent 60 gold pieces at shops.

Inventory:

Hand weapons
 a - a +0,+0 short sword
 c - a +2 blowgun
 e - a +2,+0 bow of frost
 v - a +5,-1 hand axe of electrocution (weapon)
 z - a +0,+1 scythe of slicing
Missiles
 x - 14 arrows
 C - 19 poisoned needles
Armour
 d - a +0 leather armour
 m - a +0 pair of gloves (worn)
 o - the +1 leather armour of Devotion {rF+}
   (You found it on level 6 of the Dungeon)

   It protects you from fire.
 t - a +1 pair of boots of flying (worn)
 y - a -2 orcish robe
 A - a +0 orcish scale mail
 K - the +6 scale mail of Refuge (worn) {+Rage rElec rF++ rC+}
   (You found it on level 5 of the Dungeon)

   It greatly protects you from fire.
   It protects you from cold.
   It insulates you from electricity.
   It lets you go berserk.
Magical devices
 B - a wand of confusion (8)
 F - a wand of confusion (12)
 L - a wand of frost (11)
Comestibles
 f - 4 bread rations
 g - 2 apples
 s - a pear
 u - a lychee
 N - a meat ration
 Q - a choko
Scrolls
 i - a scroll of immolation
 p - 2 scrolls of remove curse
 r - a scroll of enchant weapon II {unknown}
 O - a scroll of enchant weapon I {unknown}
 R - 4 scrolls of identify
 S - 2 scrolls of teleportation {unknown}
 U - a scroll of amnesia {unknown}
Jewellery
 b - a +3 ring of intelligence (right hand)
 j - the amulet of the Four Winds (around neck) {Clar rN+ MR++}
   (You found it on level 5 of the Dungeon)

   [amulet of clarity]

   It protects you from negative energy.
   It affects your resistance to hostile enchantments.
 k - a ring of magical power (left hand)
 q - an uncursed amulet of warding
Potions
 h - 5 potions of curing
 l - a potion of brilliance {unknown}
 n - 2 potions of speed
 w - a potion of invisibility {unknown}
 D - 2 potions of poison {unknown}
 E - 2 potions of mutation {unknown}
 J - a potion of might {unknown}
Books
 P - a book of Minor Magic

   Spells                             Type                      Level
   Magic Dart                         Conjuration                  1
   Blink                              Translocation                2
   Call Imp                           Summoning                    2
   Repel Missiles                     Charms/Air                   2
   Slow                               Hexes                        2
   Conjure Flame                      Conjuration/Fire             3
   Mephitic Cloud                     Conjuration/Poison/Air       3


   Skills:
 - Level 1.1 Fighting
 + Level 1.0 Axes
 + Level 12.6 Bows
 - Level 1.3 Throwing
 + Level 2.0 Armour
 + Level 2.2 Dodging
 - Level 1.1 Stealth
 - Level 0.8 Evocations


You had 8 spell levels left.
You didn't know any spells.

Dungeon Overview and Level Annotations

Branches:
Dungeon (7/16)             Temple (1/1) D:5

Altars:
Elyvilon
Fedhas
Makhleb
Nemelex Xobeh
Sif Muna
Vehumet
Zin
The Shining One

Shops:
D:5 *(


Innate Abilities, Weirdness & Mutations

You are resistant to torment.
You are immune to poison.
Your stone body is very resilient (AC +5).
You resist negative energy.
You are resistant to electric shocks.
You can survive without breathing.
You are immune to petrification.


Message History

The orc warrior hits you with a halberd!
* * * LOW HITPOINT WARNING * * *
You are too injured to fight recklessly!
Unknown command.
You hit the orc warrior but do no damage.
There is a sudden explosion of sparks!
The orc warrior is severely wounded.
The orc warrior hits you with a halberd.
* * * LOW HITPOINT WARNING * * *
You are feeling hungry.
You hit the orc warrior.
The orc warrior is almost dead.
The orc warrior barely misses you.
You barely miss the orc warrior.
The orc warrior is almost dead.
The orc warrior barely misses you.
You closely miss the orc warrior.
The orc warrior is almost dead.
The orc warrior hits you with a halberd!
You die...

#...### #.# #'######
#.# .......# #...#
.......#### ######.##
.......'..#####......$#
....)..##.....#.......#
.......######.........#
.......# ###.......#
.......# #.@o....#
.......# #.)........
.......# #.......##
###+#### #.......#
##...#### #.### ... ...
...


You could see an orc warrior.

Vanquished Creatures
  Pikel (D:5)
  The ghost of Zuul the Firebug, an experienced DsFE (D:5)
  Grinder (D:4)
  A hippogriff (D:7)
  Menkaure (D:4)
  A phantom (D:5)
  An ice beast (D:7)
  A slave (D:5)
  3 ogres
  Sigmund (D:3)
  Blork the orc (D:4)
  A giant frog (D:7)
  4 crimson imps
  2 hounds
  5 wights (D:7)
  A jelly (D:7)
  2 scorpions
  3 orc wizards
  An iguana (D:7)
  Natasha (thrice) (D:6)
  6 worker ants
  Jessica (D:5)
  An ogre skeleton (D:5)
  Terence (D:2)
  4 adders
  An orc skeleton (D:5)
  A giant mite (D:5)
  4 worms
  2 giant geckos
  An ooze (D:3)
  16 orcs
  A bat skeleton (D:7)
  4 giant cockroaches
  17 goblins
  10 hobgoblins
  5 jackals
  A quokka (D:2)
  A ball python (D:2)
  15 bats
  4 giant newts
  11 kobolds
  A kobold zombie (D:5)
  8 rats
151 creatures vanquished.

Vanquished Creatures (others)
  2 slaves (D:5)
2 creatures vanquished.

Grand Total: 153 creatures vanquished

Notes
Turn   | Place    | Note
--------------------------------------------------------------
     0 | D:1      | Navraz, the Gargoyle Hunter, began the quest for the Orb.
     0 | D:1      | Reached XP level 1. HP: 12/12 MP: 1/1
   518 | D:1      | Reached XP level 2. HP: 16/16 MP: 2/2
   787 | D:2      | Noticed Terence
   796 | D:2      | Killed Terence
   796 | D:2      | Reached XP level 3. HP: 20/20 MP: 3/3
   810 | D:2      | Reached skill level 5 in Bows
  1398 | D:3      | Reached XP level 4. HP: 25/25 MP: 4/4
  1701 | D:3      | Reached skill level 6 in Bows
  1796 | D:3      | Noticed Sigmund
  1802 | D:3      | Killed Sigmund
  1802 | D:3      | Reached XP level 5. HP: 29/29 MP: 5/5
  2277 | D:4      | Noticed an ogre
  2285 | D:4      | Killed an ogre
  2285 | D:4      | Reached skill level 7 in Bows
  2285 | D:4      | Reached XP level 6. HP: 14/34 MP: 6/6
  2520 | D:4      | Noticed Blork the orc
  2537 | D:4      | Killed Blork the orc
  2787 | D:4      | Noticed Grinder
  2788 | D:4      | Paralysed by Grinder for 3 turns
  2811 | D:4      | Paralysed by Grinder for 4 turns
  2818 | D:4      | Paralysed by Grinder for 2 turns
  2824 | D:4      | Paralysed by Grinder for 2 turns
  2827 | D:4      | Killed Grinder
  2827 | D:4      | Reached skill level 8 in Bows
  2827 | D:4      | Reached skill level 1 in Throwing
  2827 | D:4      | Reached XP level 7. HP: 24/38 MP: 7/7
  2834 | D:4      | Noticed Menkaure
  2844 | D:4      | Killed Menkaure
  2844 | D:4      | Reached skill level 9 in Bows
  2900 | D:4      | Found a glowing silver altar of Zin.
  3571 | D:5      | Entered Level 5 of the Dungeon
  3572 | D:5      | Reached XP level 8. HP: 43/43 MP: 8/8
  3681 | D:5      | Got a twisted scale mail
  3695 | D:5      | Identified the +6 scale mail of Refuge {+Rage rElec rF++ rC+} (You found it on level 5 of the Dungeon)
  3761 | D:5      | Found Straig's Assorted Antiques.
  3777 | D:5      | Noticed Pikel
  3786 | D:5      | Killed Pikel
  3786 | D:5      | Reached skill level 10 in Bows
  3817 | D:5      | Reached skill level 11 in Bows
  3889 | D:5      | Found a staircase to the Ecumenical Temple.
  3966 | D:5      | Found Kivocs' Antique Weapon Shop.
  3968 | Temple   | Entered the Ecumenical Temple
  4036 | Temple   | Became a worshipper of Makhleb the Destroyer
  4100 | D:5      | Noticed Zuul's ghost (experienced DsFE)
  4118 | D:5      | Killed Zuul's ghost
  4118 | D:5      | Reached XP level 9. HP: 37/47 MP: 9/9
  4124 | D:5      | Bought a glowing bow for 60 gold pieces
  4242 | D:5      | Found a white marble altar of Elyvilon.
  4392 | D:5      | Noticed Jessica
  4399 | D:5      | Killed Jessica
  4405 | D:5      | Found a deep blue altar of Sif Muna.
  4516 | D:6      | Got a pitted leather armour
  4527 | D:6      | Identified the +1 leather armour of Devotion {rF+} (You found it on level 6 of the Dungeon)
  4715 | D:6      | Noticed Natasha
  4718 | D:6      | Killed Natasha
  4780 | D:6      | Noticed Natasha
  4784 | D:6      | Killed Natasha
  4824 | D:6      | Noticed Natasha
  4824 | D:6      | Killed Natasha
  4917 | D:6      | Reached skill level 1 in Armour
  5086 | D:7      | Reached skill level 12 in Bows
  5234 | D:7      | Found a radiant altar of Vehumet.
  5300 | D:7      | Acquired Makhleb's first power
  5762 | D:7      | Reached skill level 1 in Axes
  5769 | D:7      | Mangled by an orc warrior

Action                   |  1- 3 |  4- 6 |  7- 9 || total
-------------------------+-------+-------+-------++-------
Melee: Hand axe          |       |   100 |   201 ||   301
 Fire: Bow               |    89 |     7 |    89 ||   185
       Blowgun           |       |     2 |       ||     2
 Abil: Stop Flying       |       |       |     1 ||     1
Evoke: Wand              |       |       |     2 ||     2
  Use: Scroll            |       |     5 |     3 ||     8
